Connexion

Bears vs Marlies

Created - 15 octobre 2023 at 07:13

Goals
1 2 3 T
Bears 3 0 2 5
Marlies 0 1 2 3
Shots
1 2 3 T
Bears 15 8 17 40
Marlies 12 9 16 37

GoalsPenalties
1st period
1. Bears , Justin Dowling 10 (Gustav Olofsson 16, Christoffer Ehn 4) at 2:54
2. Bears , Beck Malenstyn 9 (Gustav Olofsson 17, Jay Beagle 4) at 4:17
3. Bears , Justin Dowling 11 (Gustav Olofsson 18) at 11:35
Jordie Benn (HER) for Roughing (Minor) at 16:19
2nd period
4. Marlies , Loui Eriksson 12 (Cal O'Reilly 22, Calvin De Haan 21) at 17:27 (PP)
Lean Bergmann (HER) for Unsportsmanlike conduct (Minor) at 1:23
Austin Watson (HER) for Slashing (Minor) at 16:44
3rd period
5. Marlies , Dominik Simon 9 (Josh Wesley 5) at 10:52
6. Marlies , Dominik Simon 10 (Mitchell Heard 5, Josh Wesley 6) at 12:02
7. Bears , Justin Dowling 12 (Cole Koepke 11, Kyle Burroughs 7) at 17:02
8. Bears , Jordie Benn 1 (Joona Luoto 12, Gustav Olofsson 19) at 19:58 (Empty Net)
Buddy Robinson (HER) for High sticking (Minor) at 3:04
Goalie Stats
Spencer Martin (HER), 34 saves from 37 shots - (0,919), W, 6-5-1, 60:00 minutes
Erik Kallgren (TOR), 35 saves from 39 shots - (0,897), L, 6-2-1, 59:02 minutes
3 StarsOfficial
1 - Justin Dowling (HER)
2 - Gustav Olofsson (HER)
3 - Cole Koepke (HER)
Referees : Dean Morton and Paul Devorski
Linesman : Jonny Murray and Steve Barton
Game Note
Justin Dowling has scored a Hat Trick!
Jordie Benn has scored in a empty net!
Finance
Level 1 -- Attendance: 2000 (100,00%) -- Ticket Income 40 000 $
Level 2 -- Attendance: 988 (98,80%) -- Ticket Income 14 820 $
Total Attendance: 2988 (99,60%)
Total Ticket Income: 54 820 $
Other Income: 10 964 $
Total Income: 65 784 $



Team Name Goals Shots Shots Attemp Shots Blocked PIM HIT PP PK FO%
Bears 54072138200 / 0 (0,00%156%
Marlies 3376790201 / 4 (25%)044%

Bears
Player Name POS G A P +/- PIM HIT SHT SB MP PP MP PP SHT PK MP PK SHT FO% FOT
Andreas BorgmanD000-1012416:500:0000:2900% 0
Arttu RuotsalainenC000-1003018:280:0000:00062% 26
Austin WatsonC/LW/RW0001225014:200:0000:000100% 1
Beck MalenstynLW1011006014:210:0000:0000% 1
Brennan MenellD000-1020016:570:0001:1400% 0
Buddy RobinsonRW000-1233018:270:0000:000100% 1
Chad KrysD0001001320:420:0003:3700% 0
Christoffer EhnC/LW011000004:480:0000:00060% 5
Cole KoepkeLW0113043020:300:0004:47050% 2
Gustav OlofssonD0443010222:210:0002:2700% 0
Jay BeagleC/RW0111013014:210:0000:00069% 16
Joona LuotoLW/RW0113001117:360:0001:5300% 0
Jordie BennD1013212222:300:0001:5900% 0
Justin DowlingC/LW/RW3033016023:340:0004:03047% 34
Kyle BurroughsD0111010120:390:0003:3400% 0
Lean BergmannLW/RW000-1233019:370:0001:1000% 1
Maxim LetunovC000000101:000:0000:0000% 0
Tyrell GoulbourneLW000000106:150:0001:2710% 1
Marlies
Player Name POS G A P +/- PIM HIT SHT SB MP PP MP PP SHT PK MP PK SHT FO% FOT
Brad Malone C/LW000-2042025:082:4000:00055% 22
Cal O'ReillyC011-2013023:023:4810:00062% 26
Calvin De HaanD011-3040224:103:3500:0000% 0
Dominik SimonC/LW/RW202-1005124:242:5210:00050% 2
Dylan BlujusD000-3002024:103:3500:0000% 0
Ian McCoshenD000-2021021:093:0500:0000% 0
Josh WesleyD0222021214:410:0000:0000% 0
Kristian VesalainenLW/RW0000004211:480:0000:00033% 3
Loui ErikssonLW/RW101-2004023:023:4820:00033% 3
Mathias Brome LW0001002010:000:0000:0000% 1
Max McCormickC/LW000-2017023:023:4810:0000% 2
Mitchell HeardC0111030010:000:0000:00014% 14
Skyler McKenzieLW000000000:460:0000:0000% 0
Tim McGauleyC000000001:500:1200:000100% 1
Tim SchallerC/LW/RW000-2013015:102:5210:0000% 0
Tyler LewingtonD000-2000021:093:0500:0000% 0
Victor EjdsellC0000023011:480:0000:00036% 14
Yegor RykovD0002000214:410:0000:0000% 0



Play-by-Play

1st period


0:01 of 1st period - Brad Malone wins face-off versus Justin Dowling in neutral zone.
0:14 of 1st period - Gustav Olofsson is hit by Tim Schaller and loses puck.
0:34 of 1st period - Icing by Jordie Benn.
0:35 of 1st period - Cal O'Reilly wins face-off versus Cole Koepke in Bears zone.
1:03 of 1st period - Shot by Cal O'Reilly.
1:03 of 1st period - Shot Blocked by Chad Krys.
2:32 of 1st period - Shot by Mathias Brome .
2:32 of 1st period - Stopped by Spencer Martin with a rebound.
2:40 of 1st period - Shot by Jay Beagle.
2:40 of 1st period - Stopped by Erik Kallgren without a rebound.
2:41 of 1st period - Christoffer Ehn wins face-off versus Cal O'Reilly in Marlies zone.
2:44 of 1st period - Shot by Justin Dowling.
2:44 of 1st period - Shot Misses the Net.
2:46 of 1st period - Shot by Justin Dowling.
2:46 of 1st period - Shot Misses the Net.
2:54 of 1st period - Shot by Justin Dowling.
2:54 of 1st period - Goal by Justin Dowling - Bears : 1 - Marlies : 0.
2:55 of 1st period - Justin Dowling wins face-off versus Victor Ejdsell in neutral zone.
3:04 of 1st period - Brad Malone is hit by Cole Koepke.
3:16 of 1st period - Shot by Josh Wesley.
3:16 of 1st period - Shot Blocked by Andreas Borgman.
4:17 of 1st period - Shot by Beck Malenstyn.
4:17 of 1st period - Goal by Beck Malenstyn - Bears : 2 - Marlies : 0.
4:18 of 1st period - Arttu Ruotsalainen wins face-off versus Mitchell Heard in neutral zone.
4:40 of 1st period - Shot by Lean Bergmann.
4:40 of 1st period - Shot Misses the Net.
4:58 of 1st period - Mathias Brome is hit by Lean Bergmann and loses puck.
5:56 of 1st period - Icing by Dylan Blujus.
5:57 of 1st period - Jay Beagle wins face-off versus Max McCormick in Marlies zone.
6:30 of 1st period - Shot by Kristian Vesalainen.
6:30 of 1st period - Stopped by Spencer Martin with a rebound.
6:36 of 1st period - Shot by Kristian Vesalainen.
6:36 of 1st period - Stopped by Spencer Martin without a rebound.
6:37 of 1st period - Justin Dowling wins face-off versus Brad Malone in Bears zone.
6:37 of 1st period - Justin Dowling is hit by Brad Malone .
7:13 of 1st period - Shot by Joona Luoto.
7:13 of 1st period - Stopped by Erik Kallgren without a rebound.
7:14 of 1st period - Arttu Ruotsalainen wins face-off versus Cal O'Reilly in Marlies zone.
7:19 of 1st period - Shot by Arttu Ruotsalainen.
7:19 of 1st period - Stopped by Erik Kallgren with a rebound.
7:22 of 1st period - Arttu Ruotsalainen is hit by Ian McCoshen and loses puck.
7:51 of 1st period - Shot by Arttu Ruotsalainen.
7:51 of 1st period - Shot Misses the Net.
7:53 of 1st period - Shot by Brennan Menell.
7:53 of 1st period - Shot Misses the Net.
8:13 of 1st period - Shot by Kristian Vesalainen.
8:13 of 1st period - Stopped by Spencer Martin without a rebound.
8:14 of 1st period - Cole Koepke wins face-off versus Mitchell Heard in Bears zone.
8:20 of 1st period - Chad Krys is hit by Calvin De Haan.
8:28 of 1st period - Shot by Cole Koepke.
8:28 of 1st period - Stopped by Erik Kallgren with a rebound.
8:50 of 1st period - Shot by Chad Krys.
8:50 of 1st period - Deflect By Justin Dowling.
8:50 of 1st period - Shot Blocked by Dominik Simon.
9:16 of 1st period - Shot by Beck Malenstyn.
9:16 of 1st period - Deflect By Jay Beagle.
9:16 of 1st period - Stopped by Erik Kallgren without a rebound.
9:17 of 1st period - Arttu Ruotsalainen wins face-off versus Kristian Vesalainen in Marlies zone.
9:20 of 1st period - Shot by Buddy Robinson.
9:20 of 1st period - Stopped by Erik Kallgren with a rebound.
9:22 of 1st period - Shot by Arttu Ruotsalainen.
9:22 of 1st period - Shot Misses the Net.
9:52 of 1st period - Shot by Arttu Ruotsalainen.
9:52 of 1st period - Shot Blocked by Yegor Rykov.
9:54 of 1st period - Shot by Andreas Borgman.
9:54 of 1st period - Stopped by Erik Kallgren without a rebound.
9:55 of 1st period - Jay Beagle wins face-off versus Loui Eriksson in Marlies zone.
10:12 of 1st period - Shot by Jordie Benn.
10:12 of 1st period - Shot Misses the Net.
10:31 of 1st period - Shot by Austin Watson.
10:31 of 1st period - Stopped by Erik Kallgren without a rebound.
10:32 of 1st period - Brad Malone wins face-off versus Justin Dowling in Marlies zone.
10:32 of 1st period - Brad Malone is hit by Justin Dowling.
10:48 of 1st period - Icing by Brad Malone .
10:49 of 1st period - Brad Malone wins face-off versus Arttu Ruotsalainen in Marlies zone.
10:49 of 1st period - Brad Malone is hit by Buddy Robinson.
11:29 of 1st period - Icing by Dominik Simon.
11:30 of 1st period - Justin Dowling wins face-off versus Brad Malone in Marlies zone.
11:35 of 1st period - Shot by Justin Dowling.
11:35 of 1st period - Goal by Justin Dowling - Bears : 3 - Marlies : 0.
11:36 of 1st period - Cal O'Reilly wins face-off versus Justin Dowling in neutral zone.
11:51 of 1st period - Shot by Loui Eriksson.
11:51 of 1st period - Stopped by Spencer Martin with a rebound.
11:53 of 1st period - Shot by Ian McCoshen.
11:53 of 1st period - Shot Blocked by Joona Luoto.
11:55 of 1st period - Shot by Cal O'Reilly.
11:55 of 1st period - Stopped by Spencer Martin with a rebound.
12:03 of 1st period - Shot by Cal O'Reilly.
12:03 of 1st period - Stopped by Spencer Martin without a rebound.
12:04 of 1st period - Jay Beagle wins face-off versus Mitchell Heard in Bears zone.
12:04 of 1st period - Jay Beagle is hit by Mitchell Heard.
12:16 of 1st period - Shot by Beck Malenstyn.
12:16 of 1st period - Shot Blocked by Yegor Rykov.
12:46 of 1st period - Icing by Chad Krys.
12:47 of 1st period - Victor Ejdsell wins face-off versus Jay Beagle in Bears zone.
12:48 of 1st period - Shot by Kristian Vesalainen.
12:48 of 1st period - Shot Misses the Net.
12:50 of 1st period - Shot by Brad Malone .
12:50 of 1st period - Shot Blocked by Chad Krys.
12:52 of 1st period - Shot by Calvin De Haan.
12:52 of 1st period - Shot Misses the Net.
12:54 of 1st period - Shot by Dylan Blujus.
12:54 of 1st period - Shot Misses the Net.
12:58 of 1st period - Shot by Kristian Vesalainen.
12:58 of 1st period - Shot Misses the Net.
13:00 of 1st period - Shot by Calvin De Haan.
13:00 of 1st period - Shot Misses the Net.
13:02 of 1st period - Shot by Dylan Blujus.
13:02 of 1st period - Stopped by Spencer Martin without a rebound.
13:03 of 1st period - Cal O'Reilly wins face-off versus Justin Dowling in Bears zone.
13:18 of 1st period - Shot by Max McCormick.
13:18 of 1st period - Stopped by Spencer Martin with a rebound.
13:20 of 1st period - Shot by Max McCormick.
13:20 of 1st period - Stopped by Spencer Martin without a rebound.
13:21 of 1st period - Arttu Ruotsalainen wins face-off versus Victor Ejdsell in Bears zone.
13:35 of 1st period - Shot by Lean Bergmann.
13:35 of 1st period - Shot Blocked by Kristian Vesalainen.
13:37 of 1st period - Shot by Arttu Ruotsalainen.
13:37 of 1st period - Stopped by Erik Kallgren with a rebound.
13:46 of 1st period - Icing by Brennan Menell.
13:47 of 1st period - Cal O'Reilly wins face-off versus Arttu Ruotsalainen in Bears zone.
13:56 of 1st period - Shot by Buddy Robinson.
13:56 of 1st period - Deflect By Lean Bergmann.
13:56 of 1st period - Stopped by Erik Kallgren without a rebound.
13:57 of 1st period - Justin Dowling wins face-off versus Brad Malone in Marlies zone.
14:06 of 1st period - Shot by Brad Malone .
14:06 of 1st period - Shot Blocked by Jordie Benn.
14:08 of 1st period - Shot by Tim Schaller.
14:08 of 1st period - Stopped by Spencer Martin without a rebound.
14:09 of 1st period - Cal O'Reilly wins face-off versus Beck Malenstyn in Bears zone.
14:38 of 1st period - Shot by Loui Eriksson.
14:38 of 1st period - Shot Misses the Net.
15:14 of 1st period - Off-side.
15:15 of 1st period - Justin Dowling wins face-off versus Victor Ejdsell in neutral zone.
15:26 of 1st period - Shot by Joona Luoto.
15:26 of 1st period - Deflect By Cole Koepke.
15:26 of 1st period - Stopped by Erik Kallgren without a rebound.
15:27 of 1st period - Mitchell Heard wins face-off versus Arttu Ruotsalainen in Marlies zone.
15:54 of 1st period - Dominik Simon is hit by Gustav Olofsson and loses puck.
16:19 of 1st period - Minor Penalty to Jordie Benn for Roughing.
16:20 of 1st period - Justin Dowling wins face-off versus Cal O'Reilly in Bears zone.
16:20 of 1st period - Justin Dowling is hit by Cal O'Reilly.
17:35 of 1st period - Shot by Dylan Blujus.
17:35 of 1st period - Shot Blocked by Gustav Olofsson.
17:37 of 1st period - Shot by Tim Schaller.
17:37 of 1st period - Stopped by Spencer Martin with a rebound.
18:00 of 1st period - Icing by Ian McCoshen.
18:01 of 1st period - Cal O'Reilly wins face-off versus Justin Dowling in Marlies zone.
18:32 of 1st period - Icing by Andreas Borgman.
18:33 of 1st period - Jay Beagle wins face-off versus Mitchell Heard in Bears zone.
18:47 of 1st period - Icing by Beck Malenstyn.
18:48 of 1st period - Jay Beagle wins face-off versus Victor Ejdsell in Bears zone.
18:48 of 1st period - Jay Beagle is hit by Victor Ejdsell.
18:56 of 1st period - Shot by Beck Malenstyn.
18:56 of 1st period - Stopped by Erik Kallgren without a rebound.
18:57 of 1st period - Arttu Ruotsalainen wins face-off versus Brad Malone in Marlies zone.
19:06 of 1st period - Shot by Arttu Ruotsalainen.
19:06 of 1st period - Shot Misses the Net.
19:27 of 1st period - Icing by Kyle Burroughs.
19:28 of 1st period - Cal O'Reilly wins face-off versus Arttu Ruotsalainen in Bears zone.
19:43 of 1st period - Shot by Cal O'Reilly.
19:43 of 1st period - Shot Blocked by Kyle Burroughs.
Goals for this period are 3 for Bears vs 0 for Marlies.
Shots for this period are 15 for Bears vs 12 for Marlies.

2nd period


0:01 of 2nd period - Brad Malone wins face-off versus Justin Dowling in neutral zone.
0:53 of 2nd period - Icing by Ian McCoshen.
0:54 of 2nd period - Arttu Ruotsalainen wins face-off versus Cal O'Reilly in Marlies zone.
0:57 of 2nd period - Shot by Lean Bergmann.
0:57 of 2nd period - Deflect By Buddy Robinson.
0:57 of 2nd period - Stopped by Erik Kallgren without a rebound.
0:58 of 2nd period - Cal O'Reilly wins face-off versus Arttu Ruotsalainen in Marlies zone.
0:58 of 2nd period - Cal O'Reilly is hit by Lean Bergmann.
1:23 of 2nd period - Minor Penalty to Lean Bergmann for Unsportsmanlike conduct.
1:24 of 2nd period - Brad Malone wins face-off versus Justin Dowling in Bears zone.
1:25 of 2nd period - Shot by Calvin De Haan.
1:25 of 2nd period - Shot Misses the Net.
1:38 of 2nd period - Off-side.
1:39 of 2nd period - Loui Eriksson wins face-off versus Justin Dowling in neutral zone.
2:28 of 2nd period - Tim Schaller is hit by Cole Koepke and loses puck.
3:32 of 2nd period - Arttu Ruotsalainen is hit by Josh Wesley and loses puck.
3:47 of 2nd period - Shot by Victor Ejdsell.
3:47 of 2nd period - Stopped by Spencer Martin without a rebound.
3:48 of 2nd period - Jay Beagle wins face-off versus Mitchell Heard in Bears zone.
3:58 of 2nd period - Jay Beagle is hit by Mitchell Heard and loses puck.
5:11 of 2nd period - Shot by Max McCormick.
5:11 of 2nd period - Stopped by Spencer Martin without a rebound.
5:12 of 2nd period - Victor Ejdsell wins face-off versus Justin Dowling in Bears zone.
5:32 of 2nd period - Icing by Chad Krys.
5:33 of 2nd period - Justin Dowling wins face-off versus Cal O'Reilly in Bears zone.
5:41 of 2nd period - Icing by Chad Krys.
5:42 of 2nd period - Victor Ejdsell wins face-off versus Justin Dowling in Bears zone.
5:57 of 2nd period - Shot by Brad Malone .
5:57 of 2nd period - Stopped by Spencer Martin without a rebound.
5:58 of 2nd period - Cal O'Reilly wins face-off versus Arttu Ruotsalainen in Bears zone.
5:58 of 2nd period - Cal O'Reilly is hit by Brennan Menell.
8:31 of 2nd period - Jay Beagle is hit by Victor Ejdsell and loses puck.
9:02 of 2nd period - Lean Bergmann is hit by Josh Wesley.
9:26 of 2nd period - Shot by Arttu Ruotsalainen.
9:26 of 2nd period - Shot Misses the Net.
10:13 of 2nd period - Shot by Christoffer Ehn.
10:13 of 2nd period - Shot Misses the Net.
10:15 of 2nd period - Shot by Maxim Letunov.
10:15 of 2nd period - Stopped by Erik Kallgren without a rebound.
10:16 of 2nd period - Brad Malone wins face-off versus Christoffer Ehn in Marlies zone.
10:43 of 2nd period - Shot by Tim Schaller.
10:43 of 2nd period - Stopped by Spencer Martin with a rebound.
10:47 of 2nd period - Shot by Tim Schaller.
10:47 of 2nd period - Shot Misses the Net.
11:21 of 2nd period - Shot by Yegor Rykov.
11:21 of 2nd period - Shot Hit the Post.
11:45 of 2nd period - Shot by Lean Bergmann.
11:45 of 2nd period - Stopped by Erik Kallgren without a rebound.
11:46 of 2nd period - Victor Ejdsell wins face-off versus Justin Dowling in Marlies zone.
12:41 of 2nd period - Shot by Beck Malenstyn.
12:41 of 2nd period - Deflect By Austin Watson.
12:41 of 2nd period - Stopped by Erik Kallgren without a rebound.
12:42 of 2nd period - Cal O'Reilly wins face-off versus Arttu Ruotsalainen in Marlies zone.
12:53 of 2nd period - Buddy Robinson is hit by Max McCormick and loses puck.
13:29 of 2nd period - Icing by Brennan Menell.
13:30 of 2nd period - Arttu Ruotsalainen wins face-off versus Mitchell Heard in Bears zone.
13:34 of 2nd period - Off-side.
13:35 of 2nd period - Justin Dowling wins face-off versus Mitchell Heard in neutral zone.
13:56 of 2nd period - Shot by Mitchell Heard.
13:56 of 2nd period - Deflect By Mathias Brome .
13:56 of 2nd period - Shot Misses the Net.
14:01 of 2nd period - Off-side.
14:02 of 2nd period - Jay Beagle wins face-off versus Victor Ejdsell in neutral zone.
14:11 of 2nd period - Shot by Jay Beagle.
14:11 of 2nd period - Shot Blocked by Kristian Vesalainen.
14:13 of 2nd period - Shot by Austin Watson.
14:13 of 2nd period - Shot Misses the Net.
14:15 of 2nd period - Shot by Beck Malenstyn.
14:15 of 2nd period - Stopped by Erik Kallgren without a rebound.
14:16 of 2nd period - Christoffer Ehn wins face-off versus Cal O'Reilly in Marlies zone.
14:45 of 2nd period - Shot by Jordie Benn.
14:45 of 2nd period - Stopped by Erik Kallgren without a rebound.
14:46 of 2nd period - Brad Malone wins face-off versus Arttu Ruotsalainen in Marlies zone.
14:46 of 2nd period - Tim Schaller is hit by Buddy Robinson and loses puck.
15:21 of 2nd period - Shot by Arttu Ruotsalainen.
15:21 of 2nd period - Deflect By Lean Bergmann.
15:21 of 2nd period - Shot Misses the Net.
16:01 of 2nd period - Shot by Cal O'Reilly.
16:01 of 2nd period - Shot Misses the Net.
16:44 of 2nd period - Minor Penalty to Austin Watson for Slashing.
16:45 of 2nd period - Tim McGauley wins face-off versus Justin Dowling in Bears zone.
16:46 of 2nd period - Shot by Tim Schaller.
16:46 of 2nd period - Shot Misses the Net.
16:56 of 2nd period - Shot by Dominik Simon.
16:56 of 2nd period - Stopped by Spencer Martin without a rebound.
16:57 of 2nd period - Cal O'Reilly wins face-off versus Justin Dowling in Bears zone.
16:58 of 2nd period - Shot by Max McCormick.
16:58 of 2nd period - Stopped by Spencer Martin without a rebound.
16:59 of 2nd period - Justin Dowling wins face-off versus Cal O'Reilly in Bears zone.
17:25 of 2nd period - Shot by Cal O'Reilly.
17:25 of 2nd period - Stopped by Spencer Martin with a rebound.
17:27 of 2nd period - Shot by Loui Eriksson.
17:27 of 2nd period - Goal by Loui Eriksson - Bears : 3 - Marlies : 1.
17:28 of 2nd period - Dominik Simon wins face-off versus Lean Bergmann in neutral zone.
17:28 of 2nd period - Brad Malone is hit by Lean Bergmann and loses puck.
17:38 of 2nd period - Icing by Brennan Menell.
17:39 of 2nd period - Arttu Ruotsalainen wins face-off versus Brad Malone in Bears zone.
17:48 of 2nd period - Shot by Andreas Borgman.
17:48 of 2nd period - Stopped by Erik Kallgren with a rebound.
17:50 of 2nd period - Shot by Buddy Robinson.
17:50 of 2nd period - Shot Blocked by Josh Wesley.
18:19 of 2nd period - Icing by Arttu Ruotsalainen.
18:20 of 2nd period - Buddy Robinson wins face-off versus Max McCormick in Bears zone.
18:57 of 2nd period - Shot by Cal O'Reilly.
18:57 of 2nd period - Deflect By Max McCormick.
18:57 of 2nd period - Stopped by Spencer Martin without a rebound.
18:58 of 2nd period - Jay Beagle wins face-off versus Mitchell Heard in Bears zone.
19:11 of 2nd period - Icing by Chad Krys.
19:12 of 2nd period - Jay Beagle wins face-off versus Victor Ejdsell in Bears zone.
19:17 of 2nd period - Shot by Austin Watson.
19:17 of 2nd period - Stopped by Erik Kallgren without a rebound.
19:18 of 2nd period - Brad Malone wins face-off versus Justin Dowling in Marlies zone.
19:56 of 2nd period - Icing by Tyler Lewington.
19:57 of 2nd period - Arttu Ruotsalainen wins face-off versus Dominik Simon in Marlies zone.
Goals for this period are 0 for Bears vs 1 for Marlies.
Shots for this period are 8 for Bears vs 9 for Marlies.

3rd period


0:01 of 3rd period - Justin Dowling wins face-off versus Brad Malone in neutral zone.
0:01 of 3rd period - Justin Dowling is hit by Brad Malone .
0:26 of 3rd period - Cole Koepke is hit by Calvin De Haan and loses puck.
0:36 of 3rd period - Justin Dowling is hit by Calvin De Haan and loses puck.
0:50 of 3rd period - Calvin De Haan is hit by Kyle Burroughs and loses puck.
1:17 of 3rd period - Shot by Loui Eriksson.
1:17 of 3rd period - Stopped by Spencer Martin without a rebound.
1:18 of 3rd period - Victor Ejdsell wins face-off versus Jay Beagle in Bears zone.
1:25 of 3rd period - Shot by Victor Ejdsell.
1:25 of 3rd period - Stopped by Spencer Martin with a rebound.
1:33 of 3rd period - Shot by Beck Malenstyn.
1:33 of 3rd period - Stopped by Erik Kallgren without a rebound.
1:34 of 3rd period - Cal O'Reilly wins face-off versus Christoffer Ehn in Marlies zone.
2:25 of 3rd period - Off-side.
2:26 of 3rd period - Mitchell Heard wins face-off versus Arttu Ruotsalainen in neutral zone.
2:58 of 3rd period - Dominik Simon is hit by Buddy Robinson and loses puck.
3:04 of 3rd period - Minor Penalty to Buddy Robinson for High sticking.
3:05 of 3rd period - Cal O'Reilly wins face-off versus Justin Dowling in Bears zone.
3:16 of 3rd period - Shot by Loui Eriksson.
3:16 of 3rd period - Stopped by Spencer Martin without a rebound.
3:17 of 3rd period - Justin Dowling wins face-off versus Brad Malone in Bears zone.
4:34 of 3rd period - Shot by Tyrell Goulbourne.
4:34 of 3rd period - Shot Misses the Net.
4:36 of 3rd period - Shot by Cole Koepke.
4:36 of 3rd period - Shot Misses the Net.
4:38 of 3rd period - Shot by Tyrell Goulbourne.
4:38 of 3rd period - Stopped by Erik Kallgren without a rebound.
4:39 of 3rd period - Brad Malone wins face-off versus Tyrell Goulbourne in Marlies zone.
5:17 of 3rd period - Kristian Vesalainen is hit by Andreas Borgman and loses puck.
5:50 of 3rd period - Loui Eriksson is hit by Austin Watson and loses puck.
6:46 of 3rd period - Shot by Cole Koepke.
6:46 of 3rd period - Stopped by Erik Kallgren with a rebound.
6:48 of 3rd period - Shot by Joona Luoto.
6:48 of 3rd period - Shot Misses the Net.
6:50 of 3rd period - Shot by Chad Krys.
6:50 of 3rd period - Stopped by Erik Kallgren with a rebound.
6:52 of 3rd period - Shot by Justin Dowling.
6:52 of 3rd period - Shot Misses the Net.
6:54 of 3rd period - Shot by Cole Koepke.
6:54 of 3rd period - Deflect By Justin Dowling.
6:54 of 3rd period - Stopped by Erik Kallgren with a rebound.
6:56 of 3rd period - Shot by Chad Krys.
6:56 of 3rd period - Shot Blocked by Calvin De Haan.
6:58 of 3rd period - Shot by Justin Dowling.
6:58 of 3rd period - Deflect By Cole Koepke.
6:58 of 3rd period - Shot Misses the Net.
7:00 of 3rd period - Shot by Kyle Burroughs.
7:00 of 3rd period - Shot Misses the Net.
7:22 of 3rd period - Justin Dowling is hit by Mitchell Heard and loses puck.
7:48 of 3rd period - Shot by Jay Beagle.
7:48 of 3rd period - Shot Blocked by Calvin De Haan.
7:50 of 3rd period - Shot by Austin Watson.
7:50 of 3rd period - Stopped by Erik Kallgren without a rebound.
7:51 of 3rd period - Arttu Ruotsalainen wins face-off versus Victor Ejdsell in Marlies zone.
7:58 of 3rd period - Shot by Buddy Robinson.
7:58 of 3rd period - Stopped by Erik Kallgren with a rebound.
8:00 of 3rd period - Shot by Arttu Ruotsalainen.
8:00 of 3rd period - Stopped by Erik Kallgren without a rebound.
8:01 of 3rd period - Austin Watson wins face-off versus Cal O'Reilly in Marlies zone.
8:09 of 3rd period - Jay Beagle is hit by Ian McCoshen and loses puck.
8:29 of 3rd period - Shot by Max McCormick.
8:29 of 3rd period - Shot Blocked by Andreas Borgman.
8:31 of 3rd period - Shot by Ian McCoshen.
8:31 of 3rd period - Stopped by Spencer Martin without a rebound.
8:32 of 3rd period - Arttu Ruotsalainen wins face-off versus Kristian Vesalainen in Bears zone.
8:32 of 3rd period - Arttu Ruotsalainen is hit by Brad Malone .
8:58 of 3rd period - Gustav Olofsson is hit by Brad Malone and loses puck.
9:07 of 3rd period - Shot by Kristian Vesalainen.
9:07 of 3rd period - Stopped by Spencer Martin without a rebound.
9:08 of 3rd period - Justin Dowling wins face-off versus Cal O'Reilly in Bears zone.
9:46 of 3rd period - Shot by Joona Luoto.
9:46 of 3rd period - Shot Misses the Net.
10:52 of 3rd period - Shot by Dominik Simon.
10:52 of 3rd period - Goal by Dominik Simon - Bears : 3 - Marlies : 2.
10:53 of 3rd period - Arttu Ruotsalainen wins face-off versus Victor Ejdsell in neutral zone.
11:20 of 3rd period - Shot by Kristian Vesalainen.
11:20 of 3rd period - Shot Blocked by Gustav Olofsson.
11:22 of 3rd period - Shot by Victor Ejdsell.
11:22 of 3rd period - Shot Blocked by Jordie Benn.
11:30 of 3rd period - Shot by Dylan Blujus.
11:30 of 3rd period - Deflect By Victor Ejdsell.
11:30 of 3rd period - Stopped by Spencer Martin without a rebound.
11:31 of 3rd period - Christoffer Ehn wins face-off versus Mitchell Heard in Bears zone.
11:40 of 3rd period - Shot by Justin Dowling.
11:40 of 3rd period - Stopped by Erik Kallgren with a rebound.
11:56 of 3rd period - Shot by Mathias Brome .
11:56 of 3rd period - Stopped by Spencer Martin with a rebound.
11:58 of 3rd period - Shot by Josh Wesley.
11:58 of 3rd period - Shot Misses the Net.
12:00 of 3rd period - Shot by Josh Wesley.
12:00 of 3rd period - Stopped by Spencer Martin with a rebound.
12:02 of 3rd period - Shot by Mitchell Heard.
12:02 of 3rd period - Deflect By Dominik Simon.
12:02 of 3rd period - Goal by Dominik Simon - Bears : 3 - Marlies : 3.
12:03 of 3rd period - Cal O'Reilly wins face-off versus Jay Beagle in neutral zone.
12:30 of 3rd period - Shot by Max McCormick.
12:30 of 3rd period - Shot Misses the Net.
12:32 of 3rd period - Shot by Calvin De Haan.
12:32 of 3rd period - Shot Blocked by Chad Krys.
12:34 of 3rd period - Shot by Dylan Blujus.
12:34 of 3rd period - Stopped by Spencer Martin with a rebound.
12:36 of 3rd period - Shot by Loui Eriksson.
12:36 of 3rd period - Deflect By Max McCormick.
12:36 of 3rd period - Stopped by Spencer Martin without a rebound.
12:37 of 3rd period - Justin Dowling wins face-off versus Brad Malone in Bears zone.
12:48 of 3rd period - Dominik Simon is hit by Jordie Benn and loses puck.
12:57 of 3rd period - Shot by Brad Malone .
12:57 of 3rd period - Stopped by Spencer Martin without a rebound.
12:58 of 3rd period - Arttu Ruotsalainen wins face-off versus Mitchell Heard in Bears zone.
13:02 of 3rd period - Off-side.
13:03 of 3rd period - Arttu Ruotsalainen wins face-off versus Loui Eriksson in neutral zone.
13:20 of 3rd period - Lean Bergmann is hit by Calvin De Haan and loses puck.
13:35 of 3rd period - Icing by Kyle Burroughs.
13:36 of 3rd period - Brad Malone wins face-off versus Arttu Ruotsalainen in Bears zone.
14:16 of 3rd period - Shot by Brad Malone .
14:16 of 3rd period - Shot Misses the Net.
14:50 of 3rd period - Shot by Justin Dowling.
14:50 of 3rd period - Stopped by Erik Kallgren without a rebound.
14:51 of 3rd period - Kristian Vesalainen wins face-off versus Jay Beagle in Marlies zone.
14:57 of 3rd period - Calvin De Haan is hit by Brennan Menell and loses puck.
15:10 of 3rd period - Shot by Beck Malenstyn.
15:10 of 3rd period - Stopped by Erik Kallgren without a rebound.
15:11 of 3rd period - Justin Dowling wins face-off versus Mitchell Heard in Marlies zone.
15:21 of 3rd period - Icing by Josh Wesley.
15:22 of 3rd period - Jay Beagle wins face-off versus Mathias Brome in Marlies zone.
15:35 of 3rd period - Shot by Jay Beagle.
15:35 of 3rd period - Stopped by Erik Kallgren without a rebound.
15:36 of 3rd period - Cal O'Reilly wins face-off versus Justin Dowling in Marlies zone.
15:36 of 3rd period - Loui Eriksson is hit by Cole Koepke and loses puck.
16:09 of 3rd period - Icing by Joona Luoto.
16:10 of 3rd period - Brad Malone wins face-off versus Justin Dowling in Bears zone.
16:11 of 3rd period - Shot by Dominik Simon.
16:11 of 3rd period - Stopped by Spencer Martin without a rebound.
16:12 of 3rd period - Arttu Ruotsalainen wins face-off versus Brad Malone in Bears zone.
16:46 of 3rd period - Icing by Tyler Lewington.
16:47 of 3rd period - Justin Dowling wins face-off versus Brad Malone in Marlies zone.
16:54 of 3rd period - Shot by Cole Koepke.
16:54 of 3rd period - Shot Misses the Net.
17:02 of 3rd period - Shot by Cole Koepke.
17:02 of 3rd period - Deflect By Justin Dowling.
17:02 of 3rd period - Goal by Justin Dowling - Bears : 4 - Marlies : 3.
17:03 of 3rd period - Jay Beagle wins face-off versus Cal O'Reilly in neutral zone.
17:06 of 3rd period - Max McCormick is hit by Austin Watson and loses puck.
17:17 of 3rd period - Shot by Beck Malenstyn.
17:17 of 3rd period - Shot Misses the Net.
17:19 of 3rd period - Shot by Jay Beagle.
17:19 of 3rd period - Shot Misses the Net.
17:21 of 3rd period - Shot by Austin Watson.
17:21 of 3rd period - Stopped by Erik Kallgren with a rebound.
17:27 of 3rd period - Shot by Beck Malenstyn.
17:27 of 3rd period - Stopped by Erik Kallgren without a rebound.
17:28 of 3rd period - Justin Dowling wins face-off versus Victor Ejdsell in Marlies zone.
17:31 of 3rd period - Shot by Joona Luoto.
17:31 of 3rd period - Shot Misses the Net.
17:33 of 3rd period - Shot by Cole Koepke.
17:33 of 3rd period - Deflect By Joona Luoto.
17:33 of 3rd period - Shot Blocked by Josh Wesley.
17:45 of 3rd period - Victor Ejdsell is hit by Cole Koepke and loses puck.
18:32 of 3rd period - Shot by Arttu Ruotsalainen.
18:32 of 3rd period - Deflect By Lean Bergmann.
18:32 of 3rd period - Stopped by Erik Kallgren without a rebound.
18:33 of 3rd period - Cal O'Reilly wins face-off versus Jay Beagle in Marlies zone.
18:33 of 3rd period - Cal O'Reilly is hit by Jay Beagle.
18:41 of 3rd period - Shot by Cal O'Reilly.
18:41 of 3rd period - Shot Blocked by Andreas Borgman.
18:45 of 3rd period - Shot by Loui Eriksson.
18:45 of 3rd period - Shot Misses the Net.
19:00 of 3rd period - Marlies, Erik Kallgren is pulled from the net.
19:06 of 3rd period - Shot by Cal O'Reilly.
19:06 of 3rd period - Shot Misses the Net.
19:08 of 3rd period - Shot by Cal O'Reilly.
19:08 of 3rd period - Deflect By Max McCormick.
19:08 of 3rd period - Stopped by Spencer Martin with a rebound.
19:10 of 3rd period - Shot by Cal O'Reilly.
19:10 of 3rd period - Shot Blocked by Andreas Borgman.
19:44 of 3rd period - Shot by Dominik Simon.
19:44 of 3rd period - Stopped by Spencer Martin without a rebound.
19:45 of 3rd period - Brad Malone wins face-off versus Justin Dowling in Bears zone.
19:58 of 3rd period - Shot by Jordie Benn.
19:58 of 3rd period - Goal by Jordie Benn - Bears : 5 - Marlies : 3.
19:58 of 3rd period - Erik Kallgren from Marlies was sent back in the game.
19:59 of 3rd period - Arttu Ruotsalainen wins face-off versus Mitchell Heard in neutral zone.
Goals for this period are 2 for Bears vs 2 for Marlies.
Shots for this period are 17 for Bears vs 16 for Marlies.